 Dungeon Crawl Stone Soup version 0.30-a0-329-g85436e0a43 (webtiles) character file.

Game seed: 5571420797989896910

200 koil the Grave Robber (level 5, -6/37 HPs)
             Began as a Demonspawn Necromancer on Oct 28, 2022.
             Mangled by Duvessa
             ... wielding a +0 rapier
              (10 damage)
             ... on level 4 of the Dungeon.
             The game lasted 00:08:43 (2091 turns).

koil the Grave Robber (Demonspawn Necromancer)      Turns: 2091, Time: 00:08:43

Health: -6/37      AC:  6    Str:  8    XL:     5   Next: 48%
Magic:  6/9        EV: 12    Int: 24    God:
Gold:   166        SH:  0    Dex: 14    Spells: 1/9 levels left

rFire   . . .      SeeInvis .    b - +3 sling
rCold   . . .      Faith    .    (no shield)
rNeg    . . .      Spirit   .    a - +0 robe
rPois   .          Reflect  .    (no helmet)
rElec   .          Harm     .    (no cloak)
rCorr   .          Rampage  .    (no gloves)
Will    .....                    (no boots)
Stlth   +.........               (no amulet)
HPRegen 0.26/turn                c - +6 ring of intelligence
MPRegen 0.11/turn                l - +4 ring of protection

@: confusing by touch, lit by a corona, glowing
A: demonic guardian 1, powered by death 2
a: no special abilities


You were on level 4 of the Dungeon.
You visited 1 branch of the dungeon, and saw 4 of its levels.

You collected 166 gold pieces.

Inventory:

Hand Weapons
 b - a +3 sling (weapon)
Armour
 a - a +0 robe (worn)
Magical Staves
 i - a staff of air
Jewellery
 c - a +6 ring of intelligence (left hand)
 l - a +4 ring of protection (right hand)
Scrolls
 e - 4 scrolls of teleportation {unknown}
 g - 4 scrolls of identify {unknown}
 h - 2 scrolls of enchant armour {unknown}
 j - a scroll of blinking {unknown}
 k - 2 scrolls of vulnerability {unknown}
 q - a scroll of magic mapping {unknown}
Potions
 d - 2 potions of magic
 m - a potion of lignification {unknown}
 n - 2 potions of flight {unknown}
 o - a potion of curing
 p - a potion of resistance {unknown}
 r - a potion of might {unknown}
 s - a potion of attraction {unknown}
 t - a potion of brilliance {unknown}


   Skills:
 + Level 1.5 Fighting
 - Level 1.0 Ranged Weapons
 + Level 2.5 Dodging
 + Level 2.7 Stealth
 + Level 1.5 Unarmed Combat
 + Level 2.7 Spellcasting
 + Level 1.0 Hexes
 + Level 4.9 Necromancy


You had one spell level left.
You knew the following spells:

 Your Spells              Type           Power      Damage    Failure   Level
a - Necrotise             Necr           100%       1d9       1%          1
b - Confusing Touch       Hex            8%         N/A       22%         3
c - Animate Dead          Necr           26%        N/A       14%         4

Your spell library contained the following spells:

 Spells                   Type           Power      Damage    Failure   Level
 Kiss of Death            Conj/Necr      60%        2d10      4%          1
 Apportation              Tloc           6%         N/A       11%         1
 Magic Dart               Conj           12%        1d3       11%         1
 Shock                    Conj/Air       12%        1d3       11%         1
 Summon Small Mammal      Summ           12%        N/A       11%         1
 Vampiric Draining        Necr           26%        2d7       4%          3
 Dispel Undead            Necr           26%        3d13      14%         4
 Call Imp                 Summ           3%         N/A       17%         2
 Tukima's Dance           Hex            8%         N/A       22%         3
 Portal Projectile        Hex/Tloc       10%        N/A       26%         3
 Mephitic Cloud           Conj/Pois/Air  3%         N/A       32%         3
 Swiftness                Air            3%         N/A       32%         3
 Agony                    Necr           26%        N/A       38%         5
 Airstrike                Air            1%         2d(1-17)  73%         4
 Blade Hands              Tmut           1%         N/A       97%         5


Dungeon Overview and Level Annotations

Branches:
Dungeon (4/15)
 Temple: D:4-7

Altars:

Shops:
D:1 [   D:2 (

Annotations:
D:4 Dowan, Duvessa


Innate Abilities, Weirdness & Mutations

A weak demonic guardian rushes to your aid.
You regenerate health from kills.


Message History

You throw an atropa-tipped dart.
The atropa-tipped dart barely misses Duvessa.
Your quasit bites Duvessa.
Your quasit completely misses Duvessa.
Your quasit barely misses Duvessa.
Duvessa gestures with her weapon at your quasit.
Duvessa hits your quasit with a +0 rapier.
Your quasit dies!
Your quasit disappears in a puff of smoke!
Dowan gestures at you while chanting.
You are outlined in light.
Casting: Necrotise (safe; 1% risk of failure)
Confirm with . or Enter, or press ? or * to list all spells.
The spell is quite dangerous to miscast (22% risk of failure)!
Continue anyway?
Your hands begin to glow red.
Duvessa hits you with a +0 rapier. Duvessa hits you but does no damage.
You shoot a sling bullet. The sling bullet hits Duvessa.
Duvessa is heavily wounded.
Duvessa says, "When magic and the sword combine, nothing stands against them."
Duvessa hits you with a +0 rapier. Dowan hits you with a +0 dagger.
Duvessa says, "Beauty is only skin deep, and my weapons penetrate much further than that."
Duvessa hits you with a +0 rapier!
You shoot a sling bullet. The sling bullet hits Duvessa!
Duvessa is severely wounded.
Duvessa hits you with a +0 rapier.
* * * LOW HITPOINT WARNING * * *
Dowan hits you with a +0 dagger.
* * * LOW HITPOINT WARNING * * *
Duvessa barely misses you. Dowan barely misses you.
Duvessa hits you with a +0 rapier.
* * * LOW HITPOINT WARNING * * *
It was a potion of curing.
You feel better.
Okay, then.
You aren't carrying any items that you can evoke.
Sorry, you're not good enough to have a special ability.
Unknown command.
Dowan attacks as you move away! Dowan hits you with a +0 dagger.
* * * LOW HITPOINT WARNING * * *
Found a potion of curing.
Duvessa hits you but does no damage. Duvessa hits you with a +0 rapier!
You die...

# #.# #.# #.
##.#######.#
#.###........†.#
#...#.#.#######
##....##.# #....
#.#
#...###.########
#.#..e..........#
. #.@e.(#######.#
#.###(# #. #)†.#
#. #.#.# #.
#..... .! ### #.#
#. ... ## ###


You could see Duvessa (fast) and Dowan.

Vanquished Creatures
  2 hounds (D:4)
  An iguana (D:4)
  3 adders
  2 gnolls (D:4)
  A worm (D:4)
  2 dart slugs
  An orc (D:4)
  4 bats
  8 endoplasms
  3 giant cockroaches
  6 goblins
  2 hobgoblins
  A quokka (D:1)
  10 ball pythons
  6 frilled lizards
  5 kobolds
  3 rats
60 creatures vanquished.

Vanquished Creatures (collateral kills)
  2 goblins (D:2)
2 creatures vanquished.

Grand Total: 62 creatures vanquished

Notes
Turn   | Place    | Note
-------+----------+-------------------------------------------
     0 | D:1      | koil the Demonspawn Necromancer began the quest for the
                  | Orb.
     0 | D:1      | Reached XP level 1. HP: 13/13 MP: 3/3
   107 | D:1      | Found Wokkouly's Antique Armour Shop.
   120 | D:1      | Gained mutation: A weak demonic guardian rushes to your
                  | aid. [demonic ancestry]
   120 | D:1      | Reached XP level 2. HP: 19/19 MP: 5/5
   414 | D:1      | You fall into a shaft and drop 1 floor!
   433 | D:2      | Gained mutation: You regenerate a little health from kills.
                  | [demonic ancestry]
   433 | D:2      | Reached XP level 3. HP: 25/25 MP: 6/6
   828 | D:2      | Found Jodauh's Antique Weapon Shoppe.
   930 | D:2      | Reached skill level 1 in Ranged Weapons
  1276 | D:3      | Learned a level 3 spell: Confusing Touch
  1303 | D:3      | Found a faded altar of an unknown god.
  1337 | D:3      | Reached skill level 1 in Fighting
  1364 | D:3      | Reached XP level 4. HP: 32/32 MP: 7/7
  1468 | D:3      | Reached skill level 1 in Unarmed Combat
  1818 | D:4      | Learned a level 4 spell: Animate Dead
  1931 | D:4      | Gained mutation: You regenerate health from kills. [demonic
                  | ancestry]
  1931 | D:4      | Reached XP level 5. HP: 32/37 MP: 7/9
  2052 | D:4      | Reached skill level 1 in Hexes
  2077 | D:4      | Noticed Duvessa
  2080 | D:4      | Noticed Dowan
  2089 | D:4      | HP: 1/37 [Duvessa/+0 rapier (5)]
  2091 | D:4      | Mangled by Duvessa

Illustrated notes

Levels and vault maps discovered:
D:1:      psy_arrival_spokes, layout_loops_cross, serial_shops, shop_fountains,
          minmay_tetromino_t2
D:2:      layout_rooms, serial_shops, nicolae_diamond_shop, minivault_14
D:3:      layout_rooms, serial_rivers, chequers_serial_rivers_micro_b,
          chequers_serial_rivers_room_a, chequers_serial_rivers_large_a,
          chequers_serial_rivers_marsh,
          dreamdust_ecumenical_altar_angels_and_demons
D:4:      layout_loops_ring, nicolae_elyvilon_peaceful_grove, uniq_duvessa

Skill      XL: |  1  2  3  4  5 |
---------------+----------------+-----
Dodging        | 2 |  2.5
Stealth        | 2 |  2.7
Ranged Weapons | 1 |  1.0
Fighting       | 1 |  1.5
Unarmed Combat | 1 |  1.5
Hexes          | 1 |  1.0
Spellcasting   | |  2.7
Necromancy     | |  4.9

Action                   |  1- 3 |  4- 6 || total
-------------------------+-------+-------++-------
Melee: Unarmed           |    12 |       ||    12
 Fire: Sling             |    84 |    83 ||   167
Throw: Dart              |       |     3 ||     3
 Cast: Necrotise         |     5 |     4 ||     9
       Confusing Touch   |       |     1 ||     1
  Use: Potion            |       |     2 ||     2
Armor: Robe              |    10 |    13 ||    23
Dodge: Dodged            |    19 |    36 ||    55

Table legend: (Time is in decaauts)
 A = Elapsed time spent in this place.
 B = Non-inter-level travel time spent in this place.
 C = Inter-level travel time spent in this place.
 D = Time resting spent in this place.
 E = Time spent auto-exploring this place.
 F = Levels seen in this place.
 G = Mean time per level.
                   A        B        C        D        E       F      G
               +--------+--------+--------+--------+--------+-----+--------+
         Total |   2167 |   2114 |     53 |     12 |   1691 |   4 |  541.8 |
       Dungeon |   2167 |   2114 |     53 |     12 |   1691 |   4 |  541.8 |
               +--------+--------+--------+--------+--------+-----+--------+

Top non-repeatable levels by time:
     D:1: 819 daAuts
     D:3: 555 daAuts
     D:2: 419 daAuts
     D:4: 373 daAuts
